 Dungeon Crawl Stone Soup version 0.25.0-33-gff14898491 (console) character file.

Game seed: 5856356937272777320

3173 Kagalorn the Covert (level 9, -8/76 HPs)
             Began as an Octopode Earth Elementalist on July 6, 2020.
             Was an Initiate of Gozag.
             Mangled by a wraith (11 damage)
             ... on level 10 of the Dungeon.
             The game lasted 00:23:50 (11163 turns).

Kagalorn the Covert (Octopode Earth Elementalist)  Turns: 11163, Time: 00:23:51

Health: -8/76      AC:  1    Str:  8    XL:     9   Next: 94%
Magic:  14/18      EV: 17    Int: 20    God:    Gozag
Gold:   546        SH:  0    Dex: 12    Spells: 13/20 levels left

rFire    . . .     SeeInvis .   (no weapon)
rCold    . . .     Gourm    .   (no shield)
rNeg     . . .     Faith    .   (helmet restricted)
rPois    .         Spirit   .   (no amulet)
rElec    .         Reflect  .   f - +4 ring of evasion
rCorr    .         Harm     .   (no ring)
MR       .....                  (no ring)
Stlth    ..........             (no ring)
HPRegen  0.22/turn              (no ring)
MPRegen  0.16/turn              (no ring)
                                (no ring)
                                (no ring)

@: berserking (expiring), slowed
A: almost no armour, stealthy swim, amphibious, 8 rings, constrict 8, camouflage
1, gelatinous body 1
a: Potion Petition, Call Merchant, Bribe Branch, Renounce Religion


You were on level 10 of the Dungeon.
You worshipped Gozag.
Gozag was pleased with you.
You were not hungry.

You visited 2 branches of the dungeon, and saw 11 of its levels.

You collected 757 gold pieces.
You spent 120 gold pieces at shops.
You paid 91 gold pieces to Gozag.

Inventory:

Hand Weapons
 o - a cursed -1 hand axe
 z - a +1 falchion of holy wrath
 G - the +8 longbow "Zephyr" {speed, Dex+3 SInv}
   (You found it on level 9 of the Dungeon)

   Attacks with this weapon are significantly faster.
   It affects your dexterity (+3).
   It lets you see invisible.
Missiles
 b - 110 stones (quivered)
 e - 63 bolts
 w - 109 sling bullets
 H - 41 arrows
Jewellery
 f - a +4 ring of evasion (left tentacle)
Wands
 l - a wand of acid (11)
 v - a wand of paralysis (8)
 E - a wand of enslavement (8)
Scrolls
 a - 2 scrolls of blinking {unknown}
 d - a scroll of fog {unknown}
 g - 4 scrolls of magic mapping
 h - 6 scrolls of teleportation
 i - 4 scrolls of remove curse
 j - 2 scrolls of fear {unknown}
 n - 2 scrolls of enchant armour {unknown}
 x - 2 scrolls of random uselessness {unknown}
 y - 2 scrolls of amnesia {unknown}
 C - a scroll of vulnerability {unknown}
 F - 4 scrolls of enchant weapon {unknown}
Potions
 k - a potion of heal wounds {unknown}
 m - 2 potions of brilliance
 p - a potion of flight
 q - a potion of mutation
 r - 2 potions of stabbing
 s - 2 potions of curing
 t - a potion of ambrosia {unknown}
 u - a potion of haste
 A - 4 potions of might
 B - a potion of magic
 D - a potion of cancellation
Comestibles
 c - 13 rations


   Skills:
 - Level 2.0 Dodging
 - Level 10.0 Stealth
 - Level 6.0 Spellcasting
 + Level 6.3 Summonings
 - Level 1.0 Transmutations
 + Level 6.3 Air Magic
 - Level 5.0 Earth Magic


You had 13 spell levels left.
You knew the following spells:

 Your Spells              Type           Power        Failure   Level  Hunger
a - Sandblast             Erth           ####..       1%          1    None
b - Summon Lightning Spi  Summ/Air       ####....     8%          4    ####...
g - Passwall              Tmut/Erth      ###.....     4%          2    None

Your spell library contained the following spells:

 Spells                   Type           Power        Failure   Level  Hunger
 Summon Small Mammal      Summ           ####         1%          1    None
 Summon Guardian Golem    Hex/Summ       ###.....     9%          3    ##.....
 Stone Arrow              Conj/Erth      ###...       11%         3    ##.....
 Summon Demon             Summ           ####......   22%         5    #####..
 Petrify                  Tmut/Erth      ###.....     30%         4    ####...
 Lee's Rapid Deconstruct  Erth           ####......   36%         5    #####..
 Malign Gateway           Summ/Tloc      ###.......   100%        7    #######


Dungeon Overview and Level Annotations

Branches:
Dungeon (10/15)            Temple (1/1) D:7            Lair (0/6) D:8
    Orc (0/2) D:9

Altars:
Ashenzari
Cheibriados
Dithmenos
Elyvilon
Fedhas
Gozag
Hepliaklqana
Kikubaaqudgha
Makhleb
Nemelex Xobeh
Okawaru
Qazlal
Ru
Sif Muna
Trog
Uskayaw
Vehumet
Wu Jian
Xom
Yredelemnul
Zin
The Shining One

Shops:
D:5 !?

Annotations:
D:3 1 runed translucent door, lokapoka's ghost, amateur GrBe
D:7 3 runed translucent doors


Innate Abilities, Weirdness & Mutations

You cannot wear most types of armour.
You are very stealthy in the water. (Stealth+)
You are amphibious.
You can wear up to eight rings at the same time.
You can use your tentacles to constrict eight enemies at once.
Your skin changes colour to match your surroundings (Stealth+).
Your rubbery body absorbs attacks. (AC +1, EV +1)


Message History

You tentacle-slap the wraith but do no damage.
The wraith is moderately damaged.
The wraith closely misses you.
You barely miss the wraith.
The wraith is moderately damaged.
The wraith hits you!
* * * LOW HITPOINT WARNING * * *
The wraith drains your vigour!
You feel as though you will be slow longer.
You bludgeon the wraith! Your squeeze misses the wraith.
The wraith is heavily damaged.
The wraith hits you!
* * * LOW HITPOINT WARNING * * *
The wraith drains your vigour!
You feel as though you will be slow longer.
You tentacle-slap the wraith.
The wraith is severely damaged.
The wraith hits you!
You die...
Your body crumbles into a pile of gold.

#. #..# # #..# # #..# #
#..# # #..# # #.# #..# #
#.# #..# # #.# #W.# #
#)# #@.# # #.# #..# #
#.# #..# # #.# #..#
##########.#####..######
........................
########################


You could see a wraith.

Vanquished Creatures
  A wyvern (D:8)
  2 ice beasts
  3 ogres
  A necrophage (D:6)
  2 sky beasts
  7 centaurs
  A bullfrog (D:8)
  A wyvern zombie (D:6)
  3 scorpions
  5 killer bees (D:7)
  2 crimson imps (D:7)
  A centaur zombie (D:7)
  2 orc priests
  2 bullfrog skeletons
  6 hounds
  2 centaur skeletons
  An iguana (D:7)
  12 worker ants
  7 orc wizards
  2 hound skeletons
  A howler monkey zombie (D:5)
  A worker ant zombie (D:7)
  7 adders
  2 shadow imps
  5 oozes
  An adder skeleton (D:6)
  3 worms
  5 leopard geckos
  20 orcs
  14 bats
  10 giant cockroaches
  12 goblins
  10 hobgoblins
  19 jackals
  10 kobolds
  4 quokkas
  A ball python (D:8)
  6 frilled lizards (D:1)
  A leopard gecko skeleton (D:6)
  A quokka skeleton (D:4)
  9 rats
205 creatures vanquished.

Vanquished Creatures (others)
  A withered plant (D:3)
1 creature vanquished.

Grand Total: 206 creatures vanquished

Notes
Turn   | Place    | Note
-------+----------+-------------------------------------------
     0 | D:1      | Kagalorn the Octopode Earth Elementalist began the quest
                  | for the Orb.
     0 | D:1      | Reached XP level 1. HP: 11/11 MP: 3/3
   133 | D:1      | Reached skill level 3 in Stealth
   338 | D:1      | Reached XP level 2. HP: 17/17 MP: 3/5
  1051 | D:1      | Reached XP level 3. HP: 21/21 MP: 6/6
  1817 | D:2      | Reached skill level 4 in Stealth
  1820 | D:2      | Reached XP level 4. HP: 25/27 MP: 0/8
  2506 | D:2      | Found an iron altar of Okawaru.
  2885 | D:3      | Reached XP level 5. HP: 31/31 MP: 7/9
  3754 | D:3      | Found a runed translucent door.
  3754 | D:3      | Noticed lokapoka's ghost (amateur GrBe)
  3822 | D:3      | Reached skill level 5 in Stealth
  4117 | D:3      | Reached XP level 6. HP: 12/36 MP: 8/11
  4402 | D:4      | Identified the Compendium of Illusion
  4443 | D:4      | Learned a level 2 spell: Passwall
  4448 | D:4      | Learned a level 4 spell: Summon Lightning Spire
  4608 | D:4      | Reached skill level 6 in Stealth
  4806 | D:4      | Reached XP level 7. HP: 41/41 MP: 11/13
  4848 | D:4      | Reached skill level 5 in Earth Magic
  4887 | D:4      | Reached skill level 1 in Summonings
  5034 | D:5      | Entered Level 5 of the Dungeon
  5058 | D:5      | Reached skill level 1 in Air Magic
  5080 | D:5      | HP: 2/41 [centaur (3)]
  5082 | D:5      | Reached skill level 7 in Stealth
  5508 | D:5      | Found Wukkimm's Distillery.
  5563 | D:5      | Found a sparkling altar of Nemelex Xobeh.
  5683 | D:5      | Found a shadowy altar of Dithmenos.
  5766 | D:5      | Reached XP level 8. HP: 46/46 MP: 12/15
  5890 | D:5      | Found Archola's Magic Scroll Boutique.
  5893 | D:5      | Bought a scroll of identify for 30 gold pieces
  5893 | D:5      | Bought a scroll of teleportation for 45 gold pieces
  5893 | D:5      | Bought a scroll of remove curse for 45 gold pieces
  5895 | D:5      | You fall into a shaft and drop 2 floors!
  5960 | D:6      | Reached skill level 5 in Spellcasting
  6050 | D:6      | Reached skill level 8 in Stealth
  7171 | D:6      | Reached skill level 9 in Stealth
  7701 | D:7      | Reached XP level 9. HP: 51/51 MP: 14/18
  7758 | D:7      | Found a staircase to the Ecumenical Temple.
  7762 | Temple   | Entered the Ecumenical Temple
  7931 | Temple   | Became a worshipper of Gozag Ym Sagoz the Greedy
  8042 | D:7      | Reached skill level 10 in Stealth
  8957 | D:7      | Found a runed translucent door.
  8957 | D:7      | Noticed a kobold demonologist
  8957 | D:7      | Noticed a centaur warrior
  8958 | D:7      | Found a runed translucent door.
  8959 | D:7      | Found a runed translucent door.
  9137 | D:8      | Found a staircase to the Lair.
  9227 | D:8      | Reached skill level 5 in Summonings
  9227 | D:8      | Reached skill level 5 in Air Magic
 10217 | D:9      | Found a staircase to the Orcish Mines.
 10429 | D:9      | Found the +8 longbow "Zephyr" {speed, Dex+3 SInv}
 11042 | D:10     | Entered Level 10 of the Dungeon
 11162 | D:10     | HP: 3/76 [wraith (15)]
 11163 | D:10     | Mangled by a wraith

Illustrated notes

Levels and vault maps discovered:
D:1:      mrwooster_arrival_statue, layout_loops_corners, serial_forest,
          infiniplex_forest_clump_medium, infiniplex_forest_straight_2,
          infiniplex_forest_lined_ring, infiniplex_forest_clump_long,
          infiniplex_forest_clump_small, infiniplex_forest_side_room,
          minmay_octomino_c4
D:2:      layout_loops_corners, first_ration, okawaru_ov_weapons_minmay
D:3:      layout_loops_cross, gammafunk_ghost_grave, minmay_circle_x
D:4:      kennysheep_big_flooded_room, layout_rooms
D:5:      layout_basic, nicolae_dithmenos_the_darkroom, serial_shops,
          nicolae_shop_crystal, nicolae_shop_behind_doors,
          nemelex_diamond_rough_becter
D:6:      layout_basic
D:7:      minmay_the_grid_triangle_9x9_rhombus_full
          [minmay_the_grid_triangle_9x9_swiss_cheese,
          minmay_the_grid_triangle_9x9_sprig,
          minmay_the_grid_triangle_9x9_impossible_snake,
          minmay_the_grid_triangle_9x9_skeleton,
          minmay_the_grid_triangle_9x9_fully_insulated_deathbox,
          minmay_the_grid_triangle_9x9_windchime,
          minmay_the_grid_triangle_9x9_intruding_spiral,
          minmay_the_grid_triangle_9x9_prize_center], layout_cave_pods,
          minmay_temple_entry_glassed_door
D:8:      layout_gridville, lair_entry_dummy, nrook_loot_triangle
D:9:      layout_roguey, orc_0_dummy
D:10:     layout_long_grid, nzn_random_ring, uniq_harold, uniq_maurice
Temple:   kilobyte_greek_temple

Skill      XL: |  1  2  3  4  5  6  7  8  9 |
---------------+----------------------------+-----
Stealth        | 3 4 5 6 7 9 10 | 10.0
Spellcasting   | 3 4 6 |  6.0
Earth Magic    | 4 5 |  5.0
Summonings     | 2 3 6 |  6.3
Air Magic      | 2 3 6 |  6.3
Dodging        | |  2.0
Transmutations | |  1.0

Action                   |  1- 3 |  4- 6 |  7- 9 || total
-------------------------+-------+-------+-------++-------
Melee: Unarmed           |    71 |   132 |   137 ||   340
       Constrict         |    17 |    31 |    25 ||    73
       Tentacles         |    10 |    17 |    22 ||    49
 Cast: Sandblast         |    25 |    58 |   247 ||   330
Invok: Potion Petition   |       |       |     1 ||     1
  Use: Potion            |       |       |     1 ||     1
       Scroll            |       |       |    11 ||    11
 Stab: Sleeping          |     4 |     7 |     5 ||    16
  Eat: Chunk             |     3 |     9 |     7 ||    19
       Ration            |       |       |     4 ||     4
Armor: Skin              |    12 |    15 |     6 ||    33
Dodge: Dodged            |    67 |   132 |   249 ||   448
